 Dungeon Crawl Stone Soup version 0.31-a0-1388-g4b2ba238e7 (webtiles) character file.

Game seed: 11070329979524562488

88 MisterAzrael the Magician (level 4, -1/34 HPs)
             Began as a Djinni Fire Elementalist on Dec 25, 2023.
             Was an Initiate of Makhleb.
             Slain by Crazy Yiuf
             ... wielding a +2 quarterstaff of chaos
              (12 damage)
             ... on level 2 of the Dungeon.
             The game lasted 00:03:39 (1486 turns).

MisterAzrael the Magician (DjFE)                    Turns: 1486, Time: 00:03:41

Health: -1/34      AC:  7    Str:  7    XL:     4   Next: 81%
Gold:   110        EV: 13    Int: 18    God:    Makhleb [......] SH:  5 Dex: 20

rFire   + + +        g - +2 dagger (venom)
rCold   x x .        (no shield)
rNeg    . . .        j - +5 robe of Magifeag {Fly rF++ rC- Will+}
rPois   ∞            (no helmet)
rElec   .            (no cloak)
rCorr   .            (no gloves)
SInv    .            (boots unavailable)
Will    .....        o - amulet of reflection
Stlth   ++           f - +6 ring of dexterity
HPRegen 0.25/turn    (no ring)
MPRegen 0.00/turn

%: reflection, infuse magic (-2 HP)
@: weak-willed, flying, slowed, very slow
A: sickness immunity, fire resistance 2, cold vulnerability 1, float, innate
caster, HP casting, extra vitality 1
a: Renounce Religion


You were on level 2 of the Dungeon.
You worshipped Makhleb.
Makhleb was noncommittal.
You visited 1 branch of the dungeon, and saw 2 of its levels.

You collected 110 gold pieces.

Inventory:

Hand Weapons
 g - a +2 dagger of venom (weapon)
 l - a +0 rapier
Armour
 a - a +0 robe
 j - the +5 robe of Magifeag (worn) {Fly rF++ rC- Will+}
   (You found it on level 2 of the Dungeon)

   rF++:      It greatly protects you from fire.
   rC-:       It makes you vulnerable to cold.
   Will+:     It increases your willpower.
   Fly:       It grants you flight.
Jewellery
 f - a +6 ring of dexterity (left hand)
 o - an amulet of reflection (around neck)
Scrolls
 b - a scroll of noise {unknown}
 c - 4 scrolls of identify {unknown}
 d - 2 scrolls of teleportation {unknown}
 i - a scroll of poison {unknown}
 k - a scroll of amnesia {unknown}
 m - a scroll of butterflies {unknown}
 n - 3 scrolls of enchant armour {unknown}
Potions
 e - a potion of resistance {unknown}
 h - a potion of haste {unknown}
 p - a potion of lignification {unknown}


   Skills:
 * Level 2.9 Fighting
 - Level 2.3 Dodging
 - Level 1.7 Stealth
 + Level 3.6 Spellcasting
 + Level 3.6 Conjurations
 + Level 3.6 Hexes
 + Level 3.6 Summonings
 + Level 3.6 Necromancy
 + Level 3.6 Translocations
 + Level 3.6 Fire Magic
 + Level 3.6 Ice Magic
 + Level 3.6 Air Magic
 + Level 3.6 Earth Magic
 + Level 3.6 Alchemy


You knew the following spells:

 Your Spells              Type           Power      Damage    Failure   Level
a - Foxfire               Conj/Fire      64%        2x1d7     3%          1
b - Scorch                Fire           32%        2d6       5%          2
c - Volatile Blastmotes   Fire/Tloc      32%        2d12      11%         3
d - Inner Flame           Hex/Fire       16%        N/A       11%         3
e - Flame Wave            Conj/Fire      16%        2d7       34%         4
f - Shock                 Conj/Air       64%        1d7       3%          1
Your spell library was empty.

Dungeon Overview and Level Annotations

Branches:
Dungeon (2/15)

Altars:
Makhleb

Shops:
D:1 *

Annotations:
D:2 Crazy Yiuf


Innate Abilities, Weirdness & Mutations

You are immune to sickness and miasma.
You are immune to poison.
Your flesh is very heat resistant. (rF++)
You are vulnerable to cold. (rC-)
You float through the air rather than walking.
You learn spells naturally, not from books.
Your magical power is your life essence.
You have superior vitality. (+4 MHP)


Message History

o - an amulet of reflection (around neck)
d - 2 scrolls labelled NAUPTU TEARPH (gained 1)
You see here a jackal corpse.
Found a short sword.
Found a stone staircase leading up.
You now have 110 gold pieces (gained 5).
p - a metallic golden potion
Found a faded altar of an unknown god.
Found a hammer.
Found a runed translucent door.
Crazy Yiuf shouts!
Could not explore, unopened runed door.
Crazy Yiuf cries, "Walk!"
Casting: Shock (safe; 3% risk of failure)
Confirm with . or Enter, or press ? or * to list all spells.
You can't see any susceptible monsters within range! (Use Z to cast anyway.)
You reach down and open the door.
Casting: Shock (safe; 3% risk of failure)
Confirm with . or Enter, or press ? or * to list all spells.
Flames lash Crazy Yiuf.
Crazy Yiuf is moderately wounded.
Crazy Yiuf's fire resistance burns away.
Crazy Yiuf hits you with a +2 quarterstaff of chaos!
You feel yourself slow down.
Casting: Scorch (safe; 5% risk of failure)
Confirm with . or Enter, or press ? or * to list all spells.
Aiming: Inner Flame (quite dangerous; 11% risk of failure)
Press: ? - help, Dir - move target, f - Crazy Yiuf
Aim: Crazy Yiuf, wielding a +2 quarterstaff of chaos and wearing a +0 cloak (moderately wounded, more vulnerable to fire, chance to affect: 78%) Crazy Yiuf barely resists.
Crazy Yiuf hits you with a +2 quarterstaff of chaos!
Your willpower is stripped away!
Crazy Yiuf is no longer more vulnerable to fire.
Crazy Yiuf closely misses you.
Crazy Yiuf hits you with a +2 quarterstaff of chaos.
Crazy Yiuf freezes you.
* * * LOW HITPOINT WARNING * * *
Okay, then.
Crazy Yiuf whimpers, "Shadow shoe Hive!"
Crazy Yiuf attacks as he pursues you! You block Crazy Yiuf's attack.
Crazy Yiuf hits you with a +2 quarterstaff of chaos!
You die...

##......##..........### ##
######.##...........)# #.
#.##..........#.####.
#.##..........#.#....
#######......##......
#.....###..#...
♣♣♣♣♣######## ##.#... ###
♣♣♣.♣....## #......
#...#♣..♣.g@...## #.##...
#...'.♣♣♣♣......######.##...
#)..#♣♣ ♣♣.................
### ♣♣##..###...###... #..#
#.### #### #..###.# ####
#####..##>#####...
#.####............ #.)#
##...###.....


You could see Crazy Yiuf.

Vanquished Creatures
  Jessica (D:2)
  Terence (D:2)
  A worm (D:2)
  A dart slug (D:2)
  2 endoplasms (D:2)
  A giant cockroach (D:1)
  2 goblins
  5 jackals (D:2)
  5 kobolds
  2 quokkas (D:1)
  A ball python (D:2)
  4 bats
  3 frilled lizards
  3 rats (D:1)
32 creatures vanquished.

Vanquished Creatures (others)
  71 foxfires
71 creatures vanquished.

Grand Total: 103 creatures vanquished

Notes
Turn   | Place    | Note
-------+----------+-------------------------------------------
     0 | D:1      | MisterAzrael the Djinni Fire Elementalist began the quest
                  | for the Orb.
     0 | D:1      | MisterAzrael set off with the following spells memorised:
                  | Foxfire, Scorch, Volatile Blastmotes, Inner Flame, Flame
                  | Wave.
     0 | D:1      | Reached XP level 1. HP: 15/15 MP: 0/0
   119 | D:1      | Found Yparem's Assorted Antiques.
   190 | D:1      | Reached XP level 2. HP: 20/22 MP: 0/0
   329 | D:1      | Reached skill level 1 in Fighting
   670 | D:2      | Reached XP level 3. HP: 22/27 MP: 0/0
   670 | D:2      | Learned a level 1 spell: Shock
   706 | D:2      | Noticed Jessica
   714 | D:2      | Killed Jessica
   715 | D:2      | Reached XP level 4. HP: 30/33 MP: 0/0
   896 | D:2      | Found a burning altar of Makhleb.
   900 | D:2      | Identified the +5 robe of Magifeag {Fly rF++ rC- Will+}
   920 | D:2      | Became a worshipper of Makhleb the Destroyer
   976 | D:2      | Noticed Terence
   986 | D:2      | Killed Terence
  1397 | D:2      | Found a faded altar of an unknown god.
  1466 | D:2      | Found a runed translucent door.
  1467 | D:2      | Noticed Crazy Yiuf
  1486 | D:2      | Slain by Crazy Yiuf

Illustrated notes

Levels and vault maps discovered:
D:1:      saegor_arrival_simple_d, layout_basic, serial_shops, shop
D:2:      layout_rooms, shapermc_ecumenical_altar_petra, basic_altar,
          uniq_jessica, uniq_crazy_yiuf_cottage, uniq_terence

Skill      XL: |  1  2  3 |
---------------+----------+-----
Fighting       | 1 2 |  2.9
Dodging        | |  2.3
Stealth        | |  1.7
Spellcasting   | |  3.6
Conjurations   | |  3.6
Hexes          | |  3.6
Summonings     | |  3.6
Necromancy     | |  3.6
Translocations | |  3.6
Fire Magic     | |  3.6
Ice Magic      | |  3.6
Air Magic      | |  3.6
Earth Magic    | |  3.6
Alchemy        | |  3.6

Action                     |  1- 3 |  4- 6 || total
---------------------------+-------+-------++-------
  Melee: Dagger            |       |     3 ||     3
   Cast: Foxfire           |    39 |       ||    39
         Scorch            |     1 |     1 ||     2
         Shock             |     5 |    19 ||    24
         Inner Flame       |       |     3 ||     3
 Armour: Robe              |     1 |    12 ||    13
  Dodge: Dodged            |     8 |    15 ||    23
  Block: Other             |       |     1 ||     1

Table legend: (Time is in decaauts)
 A = Elapsed time spent in this place.
 B = Non-inter-level travel time spent in this place.
 C = Inter-level travel time spent in this place.
 D = Time resting spent in this place.
 E = Time spent auto-exploring this place.
 F = Levels seen in this place.
 G = Mean time per level.
                   A        B        C        D        E       F      G
               +--------+--------+--------+--------+--------+-----+--------+
         Total |   1487 |   1453 |     34 |    106 |   1110 |   2 |  743.5 |
       Dungeon |   1487 |   1453 |     34 |    106 |   1110 |   2 |  743.5 |
               +--------+--------+--------+--------+--------+-----+--------+

Top non-repeatable levels by time:
     D:2: 842 daAuts
     D:1: 645 daAuts
